 Dungeon Crawl Stone Soup version 0.27-a0-1384-g1422d76b99 (webtiles) character file.

Game seed: 9629070911908967712

51 sagitran the Skirmisher (level 3, -1/30 HPs)
             Began as a Demonspawn Chaos Knight on June 30, 2021.
             Was a Plaything of Xom.
             Slain by an iguana (12 damage)
             ... on level 4 of the Dungeon.
             The game lasted 00:05:48 (985 turns).

sagitran the Skirmisher (Demonspawn Chaos Knight)    Turns: 985, Time: 00:05:48

Health: -1/30      AC:  7    Str: 13    XL:     3   Next: 58%
Magic:  3/3        EV: 11    Int: 13    God:    Xom [......]
Gold:   66         SH:  0    Dex: 12    Spells: 2/2 levels left

rFire    . . .     SeeInvis .   a - +0 spear (chaos)
rCold    . . .     Faith    .   (no shield)
rNeg     . . .     Spirit   .   b - +2 leather armour
rPois    .         Reflect  .   (no helmet)
rElec    .         Harm     .   (no cloak)
rCorr    .         Rampage  .   (no gloves)
Will     .....                  (no boots)
Stlth    +.........             (no amulet)
HPRegen  0.10/turn              (no ring)
MPRegen  0.08/turn              (no ring)

@: no status effects
A: sharp scales 2
a: Renounce Religion


You were on level 4 of the Dungeon.
You worshipped Xom.
You were a very special plaything of Xom.
You visited 1 branch of the dungeon, and saw 4 of its levels.

You collected 66 gold pieces.

Inventory:

Hand Weapons
 a - a +0 spear of chaos (weapon)
Armour
 b - a +2 leather armour (worn)
Jewellery
 d - a ring of poison resistance
Scrolls
 c - 5 scrolls of identify {unknown}
 e - a scroll of blinking {unknown}
 f - a scroll of teleportation {unknown}
Potions
 g - a potion of brilliance {unknown}
 h - a potion of cancellation {unknown}


   Skills:
 + Level 3.6 Fighting
 + Level 3.4 Polearms
 + Level 2.0 Armour
 + Level 1.1 Dodging


You had 2 spell levels left.
You didn't know any spells.
Your spell library was empty.

Dungeon Overview and Level Annotations

Branches:
Dungeon (4/15)
 Temple: D:4-7

Altars:

Shops:
D:2 !


Innate Abilities, Weirdness & Mutations

You are mostly covered in razor-sharp scales. (AC +2, Slay +2)


Message History

There is a stone staircase leading down here.
You climb downwards.
There is a stone staircase leading up here.
You open the door.
An endoplasm comes into view.
The endoplasm quivers.
There is an open door here.
The endoplasm freezes you.
You are frozen.
You barely miss the endoplasm. You hit the endoplasm. You burn the endoplasm.
You kill the endoplasm!
An iguana comes into view.
The iguana hisses angrily.
The iguana bites you.
A ball python comes into view.
The ball python hisses angrily.
You hit the iguana.
The iguana is lightly wounded.
The iguana bites you.
Your leather armour prevents you from hitting the iguana.
The iguana is lightly wounded.
The iguana misses you.
You hit the iguana but do no damage.
The iguana is lightly wounded.
The iguana bites you.
You closely miss the iguana.
The iguana is lightly wounded.
The iguana closely misses you.
You hit the iguana.
The iguana is moderately wounded.
The iguana closely misses you.
You closely miss the iguana.
The iguana is moderately wounded.
You are now a very special plaything of Xom.
The iguana bites you!
You hit the iguana.
The iguana is moderately wounded.
The iguana bites you!
You die...

#### #.. .# #.# .#
##.#####.# #......#.#
#..##....#
.#.#####..#.....#
.....Sl@........#####
...##########........
#.####### #.# ##'##
##...## ##.....##
#....<..# #.........#


You could see an iguana and a ball python.

Vanquished Creatures
  An adder (D:2)
  A dart slug (D:1)
  2 ball pythons
  4 endoplasms
  3 giant cockroaches (D:1)
  4 goblins
  4 hobgoblins
  4 jackals (D:1)
  4 bats
  3 frilled lizards (D:1)
  3 kobolds
  2 rats
35 creatures vanquished.

Notes
Turn   | Place    | Note
-------+----------+-------------------------------------------
     0 | D:1      | sagitran the Demonspawn Chaos Knight began the quest for
                  | the Orb.
     0 | D:1      | Reached XP level 1. HP: 18/18 MP: 1/1
   130 | D:1      | Reached skill level 1 in Dodging
   251 | D:1      | Gained mutation: You are partially covered in razor-sharp
                  | scales. (AC +1, Slay +1) [demonic ancestry]
   251 | D:1      | Reached XP level 2. HP: 19/24 MP: 2/2
   283 | D:1      | XOM: divination: magic mapping
   327 | D:1      | XOM: silly message
   406 | D:1      | Gained mutation: You are mostly covered in razor-sharp
                  | scales. (AC +2, Slay +2) [demonic ancestry]
   406 | D:1      | Reached XP level 3. HP: 14/29 MP: 3/3
   698 | D:1      | Found a faded altar of an unknown god.
   913 | D:2      | Found Imeqoh's Distillery.
   985 | D:4      | Slain by an iguana

Illustrated notes

Levels and vault maps discovered:
D:1:      dpeg_arrival_tiny_a, layout_rooms,
          shapermc_ecumenical_altar_totnotflames, minmay_split_cup_large
D:2:      minmay_angry_zag, layout_loops_corners, serial_shops, shop,
          chequers_avenue, minmay_misc_feat_rows
D:3:      layout_loops_corners
D:4:      layout_loops_corners, lemuel_crystal_altar,
          hangedman_decor_clover_reticule

Skill      XL: |  1  2  3 |
---------------+----------+-----
Polearms       | 3 |  3.4
Dodging        | 1 |  1.1
Armour         | 2 |  2.0
Fighting       | |  3.6

Action                   || total
-------------------------++-------
Melee: Spear             ||    99
 Stab: Distracted        ||     1
Armor: Leather armour    ||    30
Dodge: Dodged            ||    44

Table legend: (Time is in decaauts)
 A = Elapsed time spent in this place.
 B = Non-inter-level travel time spent in this place.
 C = Inter-level travel time spent in this place.
 D = Time resting spent in this place.
 E = Time spent auto-exploring this place.
 F = Levels seen in this place.
 G = Mean time per level.
                   A        B        C        D        E       F      G
               +--------+--------+--------+--------+--------+-----+--------+
         Total |    980 |    950 |     30 |    105 |    544 |   4 |  245.0 |
       Dungeon |    980 |    950 |     30 |    105 |    544 |   4 |  245.0 |
               +--------+--------+--------+--------+--------+-----+--------+

Top non-repeatable levels by time:
     D:1: 824 daAuts
     D:2: 117 daAuts
     D:4: 23 daAuts
     D:3: 15 daAuts
